 Dungeon Crawl Stone Soup version 0.29.1-15-g9cfb28693d (webtiles) character file.

Game seed: 1759033836532955831

6931 growler the Destroyer (level 10, -16/61 HPs)
             Began as a Deep Elf Conjurer on Mar 11, 2023.
             Was a Believer of Vehumet.
             Demolished by a two-headed ogre
             ... wielding a +0 giant club
              (25 damage)
             ... on level 11 of the Dungeon.
             The game lasted 00:42:27 (13801 turns).

growler the Destroyer (Deep Elf Conjurer)          Turns: 13801, Time: 00:42:28

Health: -16/61     AC:  5    Str:  4    XL:     10   Next: 80%
Magic:  8/22       EV: 15    Int: 28    God:    Vehumet [**....]
Gold:   638        SH:  5    Dex: 19    Spells: 6/23 levels left

rFire   . . .      SeeInvis .   C - staff of air
rCold   . . .      Faith    .   (no shield)
rNeg    + . .      Spirit   .   a - +0 robe
rPois   .          Reflect  +   M - +2 hat
rElec   +          Harm     .   (no cloak)
rCorr   .          Rampage  .   (no gloves)
Will    ++...                   l - +0 pair of boots
Stlth   ++........              y - amulet of reflection
HPRegen 0.20/turn               w - ring of the Suburbs {Fly rElec rN+ Dex+6 Slay+3}
MPRegen 0.18/turn               G - ring of willpower

@: flying, studying Staves
A: no striking features
a: Renounce Religion


You were on level 11 of the Dungeon.
You worshipped Vehumet.
Vehumet was pleased with you.
You visited 2 branches of the dungeon, and saw 12 of its levels.

You collected 638 gold pieces.

Inventory:

Hand Weapons
 r - a +2 dagger of venom
Missiles
 I - 2 throwing nets
Armour
 a - a +0 robe (worn)
 l - a +0 pair of boots (worn)
 M - a +2 hat (worn)
Magical Staves
 C - a staff of air (weapon)
Jewellery
 d - the ring of Gykos {rElec rC+ rN+ Dex-5 Slay+3}
   (You took it off an orc on level 8 of the Dungeon)

   [ring of protection from cold]

   Dex:       It affects your dexterity (-5).
   Slay:      It affects your accuracy & damage with ranged weapons and melee
   (+3).
   rC:        It protects you from cold.
   rElec:     It insulates you from electricity.
   rN:        It protects you from negative energy.
 w - the ring of the Suburbs (left hand) {Fly rElec rN+ Dex+6 Slay+3}
   (You found it on level 4 of the Dungeon)

   [ring of dexterity]

   Dex:       It affects your dexterity (+6).
   Slay:      It affects your accuracy & damage with ranged weapons and melee
   (+3).
   rElec:     It insulates you from electricity.
   rN:        It protects you from negative energy.
   Fly:       It grants you flight.
 y - an amulet of reflection (around neck)
 G - a ring of willpower (right hand)
Wands
 o - a wand of paralysis (5)
 A - a wand of flame (18)
 E - a wand of roots (13)
Scrolls
 e - 3 scrolls of magic mapping
 f - 3 scrolls of amnesia
 g - a scroll of teleportation
 h - a scroll of enchant armour {unknown}
 i - 4 scrolls of blinking
 k - 3 scrolls of fog
 q - a scroll of immolation
 D - a scroll of poison
 F - a scroll of vulnerability
 H - a scroll of silence {unknown}
 N - a scroll of enchant weapon {unknown}
Potions
 b - 2 potions of magic
 c - 3 potions of curing {unknown}
 j - 4 potions of haste
 m - 3 potions of brilliance {unknown}
 n - 4 potions of attraction {unknown}
 p - 4 potions of mutation {unknown}
 s - 3 potions of invisibility {unknown}
 u - 3 potions of ambrosia {unknown}
 v - 3 potions of might
 x - a potion of heal wounds
 z - 3 potions of flight
 J - a potion of lignification
 K - a potion of berserk rage


   Skills:
 + Level 6.7 Fighting
 + Level 6.0 Dodging
 - Level 2.4 Stealth
 - Level 7.0 Spellcasting
 + Level 13.2 Conjurations
 - Level 4.0 Hexes
 - Level 4.0 Translocations
 + Level 3.0 Air Magic


You had 6 spell levels left.
You knew the following spells:

 Your Spells              Type           Power      Damage    Failure   Level
a - Magic Dart            Conj           100%       1d8       1%          1
b - Searing Ray           Conj           100%       2d8       1%          2
c - Dazzling Flash        Conj/Hex       100%       N/A       1%          3
d - Fulminant Prism       Conj/Hex       27%        3d14      1%          4
e - Iskenderun's Mystic   Conj/Tloc      55%        2d12      1%          4
f - Mephitic Cloud        Conj/Pois/Air  56%        N/A       1%          3

Your spell library contained the following spells:

 Spells                   Type           Power      Damage    Failure   Level
 Scorch                   Fire           18%        2d5       9%          2
 Slow                     Hex            100%       N/A       1%          1
 Confusing Touch          Hex            32%        N/A       3%          3
 Call Imp                 Summ           9%         N/A       9%          2
 Vampiric Draining        Necr           9%         2d6       16%         3
 Olgreb's Toxic Radiance  Pois           9%         N/A       47%         4
 Summon Ice Beast         Ice/Summ       9%         N/A       47%         4
 Summon Mana Viper        Hex/Summ       21%        N/A       54%         5
 Monstrous Menagerie      Summ           4%         N/A       100%        7
 Ozocubu's Refrigeration  Ice            4%         4d8       100%        7
 Ignition                 Fire           4%         3d4       100%        8


Dungeon Overview and Level Annotations

Branches:
Dungeon (11/15)            Temple (1/1) D:4            Lair (0/5) D:9
    Orc: D:9-12

Altars:
Cheibriados
Dithmenos
Elyvilon
Fedhas
Gozag
Hepliaklqana
Kikubaaqudgha
Makhleb
Nemelex Xobeh
Okawaru
Qazlal
Sif Muna
Trog
Uskayaw
Vehumet
Wu Jian
Xom
Yredelemnul
The Shining One

Shops:
D:3 (

Annotations:
D:6 5 runed translucent doors, GigaChad's ghost, novice DjCj; nroviw's ghost, novice TrFi
D:10 2 transporters, Silentouch's ghost, journeyman TrMo
D:11 Urug


Message History

Press: ? - help, Shift-Dir - straight line, f - two-headed ogre, p - fulminant prism
Aim: a two-headed ogre, wielding two +0 giant clubs (ally target, 92% to hit)
The searing ray hits the two-headed ogre.
The two-headed ogre is lightly wounded. (Press . to maintain the ray.)
Your fulminant prism crackles loudly.
The searing ray hits the two-headed ogre!
The two-headed ogre is moderately wounded.
Your fulminant prism explodes!
The searing ray hits the two-headed ogre!
The two-headed ogre is heavily wounded.
The two-headed ogre closely misses you. You block the two-headed ogre's attack.
The searing ray hits the two-headed ogre.
The two-headed ogre is severely wounded.
You finish channelling your searing ray.
The two-headed ogre hits you with a +0 giant club!!
The two-headed ogre closely misses you.
Casting: Searing Ray (safe; 1% risk of failure)
Confirm with . or Enter, or press ? or * to list all spells.
Aiming: Fulminant Prism (dangerous; 1% risk of failure)
Press: ? - help, Dir - move target, p - two-headed ogre You conjure a prism of explosive energy!
A fulminant prism comes into view.
The magic dart hits the two-headed ogre.
The two-headed ogre is severely wounded.
The two-headed ogre hits you with a +0 giant club!
The two-headed ogre hits you with a +0 giant club!!
* * * LOW HITPOINT WARNING * * *
Your fulminant prism crackles loudly.
You are too injured to fight recklessly!
Casting: Magic Dart (safe; 1% risk of failure)
Confirm with . or Enter, or press ? or * to list all spells.
Aiming: Magic Dart (safe; 1% risk of failure)
Press: ? - help, Shift-Dir - straight line, f/p - two-headed ogre
Aim: a two-headed ogre, wielding two +0 giant clubs (severely wounded, ally target, 100% to hit)
The magic dart hits the two-headed ogre.
The two-headed ogre is severely wounded.
The two-headed ogre barely misses you.
The two-headed ogre hits you with a +0 giant club!!
You die...

# ### .##
## .. ....
.. .##...#
## ..
##.#.....
##.##.###
## .#
##......o.
#@O.*..>.
$. .#
#.<†......
#..###.###
#H##.#
#.[.##...#
#..#
#..<..
#...# #
#..#
#..#O#
.....#
#..# #..
.# ###.#.#
#..# #..
.# #. .#
#..# ...
.. .. ..
...# ##..
## ## ##
#..


You could see a two-headed ogre (ally target) and a friendly fulminant prism.

Vanquished Creatures
  Joseph (D:8)
  A troll (D:11)
  A vampire (D:10)
  A shadow (D:10)
  A wraith (D:9)
  11 yaks
  5 wyverns
  A steam dragon (D:7)
  2 vampire mosquitoes (D:11)
  2 basilisks (D:9)
  3 water moccasins
  2 orc warriors
  4 ice beasts
  3 centaurs
  A phantom (D:4)
  A bullfrog (D:8)
  A gnoll sergeant (D:10)
  5 scorpions
  5 killer bees (D:7)
  4 howler monkeys
  A centaur zombie (D:6)
  A bullfrog zombie (D:6)
  2 gnoll boudas (D:8)
  A jelly (D:5)
  8 orc priests
  A hound (D:5)
  2 iguanas
  4 orc wizards
  Robin (D:3)
  9 adders
  17 gnolls
  2 river rats (D:6)
  A shadow imp (D:7)
  3 white imps
  4 ufetubi
  A worm (D:6)
  2 dart slugs (D:1)
  29 orcs
  5 ball pythons
  5 endoplasms
  2 giant cockroaches
  23 goblins
  7 hobgoblins
  7 jackals
  6 quokkas
  2 bats
  5 kobolds
  6 rats
212 creatures vanquished.

Vanquished Creatures (others)
  65 fulminant prisms
  4 fungi (D:9)
  6 plants (D:9)
75 creatures vanquished.

Grand Total: 287 creatures vanquished

Notes
Turn   | Place    | Note
-------+----------+-------------------------------------------
     0 | D:1      | growler the Deep Elf Conjurer began the quest for the Orb.
     0 | D:1      | Reached XP level 1. HP: 10/10 MP: 6/6
   180 | D:1      | Reached XP level 2. HP: 15/15 MP: 4/8
   306 | D:1      | Found a faded altar of an unknown god.
   834 | D:1      | Learned a level 2 spell: Searing Ray
   923 | D:2      | Reached XP level 3. HP: 19/19 MP: 6/10
   927 | D:2      | Learned a level 3 spell: Dazzling Flash
   993 | D:2      | Reached skill level 5 in Conjurations
  1576 | D:3      | Reached XP level 4. HP: 8/24 MP: 3/12
  1768 | D:3      | Reached skill level 5 in Spellcasting
  2091 | D:3      | Reached XP level 5. HP: 28/28 MP: 10/14
  2228 | D:3      | Found Dihei's Weapon Shop.
  2689 | D:3      | Learned a level 4 spell: Fulminant Prism
  2694 | D:3      | Learned a level 4 spell: Iskenderun's Mystic Blast
  2734 | D:3      | Noticed Robin
  2740 | D:3      | Reached skill level 6 in Conjurations
  2742 | D:3      | Killed Robin
  3278 | D:4      | Noticed a phantom
  3287 | D:4      | Killed a phantom
  3288 | D:4      | Reached XP level 6. HP: 22/32 MP: 7/17
  3409 | D:4      | Identified the ring of the Suburbs {Fly rElec rN+ Dex+6
                  | Slay+3}
  3417 | D:4      | Found a staircase to the Ecumenical Temple.
  3474 | Temple   | Entered the Ecumenical Temple
  3659 | Temple   | Became a worshipper of Vehumet
  3757 | D:4      | Found a shimmering altar of Xom.
  4458 | D:5      | Entered Level 5 of the Dungeon
  4879 | D:5      | Reached skill level 7 in Conjurations
  4996 | D:5      | Reached XP level 7. HP: 21/36 MP: 10/19
  5382 | D:5      | Reached skill level 8 in Conjurations
  5570 | D:5      | Found a hide-covered altar of Uskayaw.
  6036 | D:6      | Found a runed translucent door.
  6065 | D:6      | Reached * piety under Vehumet
  6065 | D:6      | Offered knowledge of Foxfire by Vehumet.
  6205 | D:6      | Found a runed translucent door.
  6210 | D:6      | Noticed nroviw's ghost (novice TrFi)
  6383 | D:6      | Reached skill level 9 in Conjurations
  6540 | D:6      | Identified the +1 ring mail of Lucidity {rPois Dex+4
                  | Slay+2}
  7098 | D:6      | Found a runed translucent gate.
  7098 | D:6      | Found a runed translucent gate.
  7098 | D:6      | Found a runed translucent gate.
  7098 | D:6      | Noticed GigaChad's ghost (novice DjCj)
  7100 | D:6      | Found a basalt altar of Yredelemnul.
  7113 | D:6      | Reached skill level 10 in Conjurations
  7113 | D:6      | Reached XP level 8. HP: 37/41 MP: 9/20
  7887 | D:7      | Reached skill level 1 in Hexes
  7887 | D:7      | Reached skill level 1 in Translocations
  8084 | D:7      | Reached skill level 1 in Fighting
  9340 | D:7      | Reached XP level 9. HP: 19/49 MP: 8/21
 10243 | D:8      | Reached skill level 11 in Conjurations
 10273 | D:8      | Noticed Joseph
 10281 | D:8      | Killed Joseph
 10281 | D:8      | Reached ** piety under Vehumet
 10281 | D:8      | Offered knowledge of Poisonous Vapours by Vehumet.
 10504 | D:8      | Identified the ring of Gykos {rElec rC+ rN+ Dex-5 Slay+3}
 10745 | D:8      | Found a white marble altar of Elyvilon.
 11228 | D:9      | Reached skill level 5 in Fighting
 11228 | D:9      | Reached skill level 12 in Conjurations
 11465 | D:9      | Reached XP level 10. HP: 59/59 MP: 7/22
 11755 | D:9      | Found a staircase to the Lair.
 12379 | D:9      | Learned a level 3 spell: Mephitic Cloud
 12381 | D:10     | Entered Level 10 of the Dungeon
 12390 | D:10     | Found a transporter.
 12398 | D:10     | Noticed a tengu warrior
 12400 | D:10     | Noticed a two-headed ogre
 12415 | D:10     | Noticed a moth of wrath
 12420 | D:10     | Noticed Silentouch's ghost (journeyman TrMo)
 12471 | D:10     | Found a stormy altar of Qazlal.
 12508 | D:10     | Offered knowledge of Scorch by Vehumet.
 12702 | D:10     | Reached skill level 1 in Air Magic
 12868 | D:10     | Reached skill level 5 in Dodging
 12868 | D:10     | Reached skill level 13 in Conjurations
 12962 | D:10     | Found an ornate altar of the Wu Jian Council.
 13019 | D:10     | Found a bloodstained altar of Trog.
 13022 | D:10     | Identified the +5 short sword of the Vulture {vorpal,
                  | rElec}
 13033 | D:10     | Found a transporter.
 13240 | D:10     | Found an ancient bone altar of Kikubaaqudgha.
 13375 | D:11     | Noticed a manticore
 13375 | D:11     | Noticed a two-headed ogre
 13529 | D:11     | Noticed Urug
 13801 | D:11     | Demolished by a two-headed ogre

Illustrated notes

Levels and vault maps discovered:
D:1:      wander_arrival_desolate, layout_rooms,
          chequers_ecumenical_altar_simple_redux
D:2:      layout_basic, kennysheep_generic_room_4
D:3:      kennysheep_goblin_castle, layout_rooms, serial_shops, shop,
          nicolae_hexahallways
D:4:      layout_basic, kennysheep_mini, minmay_temple_entry_tees
D:5:      layout_gridville, nicolae_uskayaw_dance_hall, minmay_misc_feat_rows
D:6:      layout_layer_cave, nicolae_yredelemnul_ghost_church,
          ebering_ghost_sewer_f, lightli_sewer_entry_pipes,
          serial_bayou_crossing
D:7:      layout_loops_ring, minmay_between
D:8:      layout_basic, elyvilon_altar_5, uniq_joseph
D:9:      layout_rooms, minmay_lair_entry_grove, eino_tiny_chamber,
          minmay_variable_closet
D:10:     layout_irregular_city, grunt_qazlal_sundering,
          kiku_gazebo_pond_becter, lemuel_coloured_pillars_altar,
          gammafunk_ghost_wrathful_warriors
D:11:     layout_loops_ring, special_room [special_room_orc], uniq_urug
Temple:   regret_index_temple_generic_petals

Skill      XL: |  1  2  3  4  5  6  7  8  9 10 |
---------------+-------------------------------+-----
Spellcasting   | 4 5 6 7 |  7.0
Conjurations   | 5 6 7 10 12 13 | 13.2
Hexes          | 4 |  4.0
Translocations | 3 4 |  4.0
Fighting       | 2 5 6 |  6.7
Dodging        | 6 |  6.0
Air Magic      | 3 |  3.0
Stealth        | |  2.4

Action                   |  1- 3 |  4- 6 |  7- 9 | 10-12 || total
-------------------------+-------+-------+-------+-------++-------
Melee: Dagger            |       |     9 |       |     1 ||    10
       Staff             |       |       |       |     1 ||     1
 Cast: Magic Dart        |    65 |   105 |   112 |    24 ||   306
       Searing Ray       |     2 |     7 |    23 |     9 ||    41
       Fulminant Prism   |       |     2 |    36 |    29 ||    67
       Iskenderun's Myst |       |     1 |       |       ||     1
  Use: Scroll            |       |     4 |     8 |     4 ||    16
 Stab: Sleeping          |       |     1 |       |       ||     1
Armor: Robe              |       |     3 |     9 |     7 ||    19
Dodge: Dodged            |     3 |    19 |    25 |    13 ||    60
Block: Other             |       |     2 |    18 |     2 ||    22
       Reflection        |       |       |     5 |       ||     5
